cohdb
Replays
Latest Replays
All Replays
Popular Replays
Top Player Replays
Match Explorer
How It Works
Community
CoH3 Stats
Reddit
Sign in to upload your games and track your stats! →
Sign in with Steam
Match 40139663
Unlisted
Match 40139663
Overview
Messages
Build Orders
End
Construct Barracks
Engineer Squad
Selects Special Operations Battlegroup
Riflemen Squad
M1 Mortar Team
Grenade Package
1⁄4-ton 4x4 Truck
Infantry Support Center
Construct Weapon Support Center
Selects M29 Weasel with M1 Pack Howitzer
M29 Weasel with M1 Pack Howitzer
Riflemen Squad
Riflemen Squad
Advanced Logistics
Construct Motor Pool
M8 Greyhound Armored Car
Demolitions Package
Selects P-47 Anti-Infantry Loiter
M24 Chaffee Light Tank
Survival Training
Munitions Surplus
P-47 Anti-Infantry Loiter
M1 Anti-tank Gun Team
Engineer Squad
Construct Tank Depot
Construct Medical Station
M1918 Browning Automatic Rifles
Riflemen Squad
Construct Tank Depot
M4A1 Sherman Medium Tank
Selects UNKNOWN (2162291)
Selects Raiding Flares
Selects SSF Commando Squad
[GG]Onkel Stonkel
💀Punisher💀
[GG]Quiq
Bashar
SeeYa
waldeis
0
0
Comments
sign in to comment!
No comments posted yet!